AoeStats
← VB

Arena

509398349Analyzed
1v1 RM · 5d ago on Sep 26, 2026· 77m 41s· 2 players
Game mode
Random Map
Map size
Tiny (2 player)
Population
200
Speed
Normal
Resources
Standard
Victory
Conquest
Starting age
Dark Age
Ending age
Imperial Age
RankedLock teamsTeams togetherTeam positionsShared explorationLock speedFull tech treeHidden civsTurbo modeCheats
Victory
Defeat
🇨🇳 Poles · China
391
+17
🇵🇹 Britons · Portugal
417
-17
言午文亦大
12:00 Loom
13:50 Feudal Age
14:27 Double-Bit Axe
14:29 Horse Collar
16:45 Forging
19:23 Scale Barding Armor
21:57 Castle Age
21:12 Bloodlines
20:55 Fletching
21:07 Stone Mining
21:09 Gold Mining
22:54 Heavy Plow
24:03 Bow Saw
25:12 Light Cavalry
27:06 Stone Shaft Mining
27:07 Chain Barding Armor
27:22 Iron Casting
29:55 Husbandry
29:53 Bodkin Arrow
32:16 Wheelbarrow
31:36 Town Watch
35:54 Imperial Age
33:54 Treadmill Crane
34:36 Ballistics
36:42 Fortified Wall
37:31 Hand Cart
37:46 Szlachta Privileges
38:03 Conscription
38:50 Chemistry
39:27 Blast Furnace
39:37 Crop Rotation
38:59 Cavalier
42:28 Loom
43:13 Arrowslits
42:56 Elite Skirmisher
43:46 Thumb Ring
49:09 Lechitic Legacy
49:24 Lechitic Legacy
49:38 Winged Hussar
56:46 Bracer
58:05 Masonry
77:24 Padded Archer Armor
77:24 Bracer
VB
10:53 Loom
14:45 Feudal Age
17:04 Wheelbarrow
23:17 Castle Age
21:05 Horse Collar
20:57 Man-at-Arms
21:50 Double-Bit Axe
22:02 Gold Mining
22:18 Arson
22:39 Fletching
22:57 Padded Archer Armor
23:08 Scale Mail Armor
23:48 Forging
23:56 Gambesons
25:35 Husbandry
25:32 Long Swordsman
26:53 Scale Barding Armor
28:13 Pikeman
28:53 Squires
32:31 Gold Shaft Mining
32:14 Hand Cart
32:47 Elite Skirmisher
39:59 Imperial Age
38:57 Leather Archer Armor
39:40 Heavy Plow
41:01 Capped Ram
41:31 Two-Handed Swordsman
44:07 Cranequins
45:05 Sappers
52:30 Halberdier
52:56 Cavalier
54:55 Champion
57:26 Iron Casting
60:42 Blast Furnace
62:33 Chain Mail Armor
62:49 Ring Archer Armor
62:40 Chain Barding Armor
62:49 Yeomen
65:04 Fortified Wall
65:15 Ballistics
65:55 Chemistry
64:46 Heated Shot
64:48 Guard Tower
66:39 Masonry
67:05 Plate Mail Armor
Connection lost

Rejoining the realm…

Still unreachable

The connection could not be restored.

Session expired

The server has moved on; the page needs a fresh start.